AoeStats
← Erick14mar

African Clearing

506782116Analyzed
3v3 RM · 19d ago on Sep 15, 2026· 50m 38s· 6 players
Game mode
Random Map
Map size
Normal (6 player)
Population
200
Speed
Normal
Resources
Standard
Victory
Conquest
Starting age
Dark Age
Ending age
Imperial Age
RankedLock teamsTeams togetherTeam positionsShared explorationLock speedFull tech treeHidden civsTurbo modeCheats
Victory
Defeat
1394
+12
🇵🇪 Goths · Peru
1306
+15
🇨🇳 Burgundians · China
1252
+18
🇨🇱 Vietnamese · Chile
1345
-17
🇨🇱 Magyars · Chile
1290
-15
🇨🇱 Huns · Chile
1249
-13
MXTS | ¿Se vale nuevo DLC?
2:49 Loom
13:01 Feudal Age
16:45 Castle Age
14:48 Double-Bit Axe
15:51 Horse Collar
17:47 Bow Saw
19:47 Husbandry
22:23 Scale Barding Armor
25:44 Bloodlines
25:52 Heavy Plow
30:14 Forging
29:53 Town Watch
30:36 Gold Mining
34:15 Chain Barding Armor
35:34 Wheelbarrow
41:47 Imperial Age
40:23 Iron Casting
40:27 Gold Shaft Mining
40:32 Kshatriyas
41:54 Heavy Camel Rider
43:24 Plate Barding Armor
42:53 Devotion
45:04 Scale Mail Armor
46:22 Chain Mail Armor
47:06 Conscription
47:19 Frontier Guards
47:47 Light Cavalry
51:02 Crop Rotation
Erick14mar
8:16 Loom
13:48 Feudal Age
18:44 Castle Age
19:07 Scale Mail Armor
19:41 Horse Collar
26:17 Man-at-Arms
26:57 Squires
28:03 Forging
28:36 Long Swordsman
31:27 Wheelbarrow
30:38 Town Watch
30:59 Double-Bit Axe
36:16 Imperial Age
34:32 Chain Mail Armor
34:51 Heavy Plow
35:49 Town Patrol
36:31 Iron Casting
37:32 Crop Rotation
37:43 Anarchy
38:17 Hand Cart
38:31 Bow Saw
39:56 Blast Furnace
38:46 Fletching
38:56 Padded Archer Armor
39:53 Gold Mining
39:31 Two-Handed Swordsman
39:32 Pikeman
40:21 Scale Barding Armor
40:33 Perfusion
40:04 Sappers
41:11 Stone Mining
41:32 Bodkin Arrow
41:06 Halberdier
43:16 Bracer
43:32 Leather Archer Armor
43:22 Champion
46:08 Ring Archer Armor
45:58 Chain Barding Armor
46:05 Heavy Scorpion
47:29 Conscription
48:30 Chemistry
47:50 Ballistics
47:21 Heated Shot
47:37 Siphons
47:21 Light Cavalry
48:11 Bloodlines
48:01 Husbandry
48:29 Capped Ram
50:06 Murder Holes
49:55 Hussar
49:56 Cavalier
12014665
12:59 Feudal Age
11:47 Loom
12:58 Double-Bit Axe
17:08 Castle Age
15:43 Bow Saw
15:18 Horse Collar
16:34 Heavy Plow
25:19 Scale Barding Armor
27:04 Wheelbarrow
27:49 Cavalier
29:29 Chain Barding Armor
29:50 Forging
30:56 Husbandry
30:37 Light Cavalry
32:03 Gold Mining
34:13 Gold Shaft Mining
35:25 Iron Casting
36:02 Hand Cart
40:20 Imperial Age
38:31 Town Watch
39:39 Stone Mining
41:31 Two-Man Saw
41:16 Ballistics
40:23 Paladin
40:53 Hussar
43:05 Chemistry
42:56 Stone Shaft Mining
42:32 Elite Skirmisher
45:19 Padded Archer Armor
45:12 Fletching
45:58 Plate Barding Armor
46:23 Blast Furnace
47:01 Leather Archer Armor
46:45 Bodkin Arrow
46:51 Scale Mail Armor
48:20 Treadmill Crane
49:01 Bombard Tower
49:41 Bracer
50:02 Chain Mail Armor
_Ctm_NeO_
6:42 Loom
13:10 Feudal Age
18:23 Castle Age
21:26 Scale Mail Armor
25:42 Wheelbarrow
24:55 Double-Bit Axe
28:59 Bow Saw
36:11 Imperial Age
34:40 Chain Mail Armor
35:05 Fletching
35:55 Forging
37:42 Plate Mail Armor
40:36 Iron Casting
42:20 Pikeman
44:31 Elite Skirmisher
45:36 Bodkin Arrow
45:36 Imperial Skirmisher
46:17 Bracer
48:04 Chemistry
49:29 Padded Archer Armor
49:16 Halberdier
|DD2E| Poloisses
5:46 Loom
12:30 Feudal Age
13:59 Double-Bit Axe
20:46 Castle Age
19:29 Horse Collar
21:59 Pikeman
33:36 Wheelbarrow
38:49 Bow Saw
48:31 Imperial Age
47:35 Fletching
47:46 Padded Archer Armor
48:09 Ballistics
47:52 Town Watch
48:10 Heavy Plow
48:01 Gold Mining
48:01 Stone Mining
48:28 Bodkin Arrow
49:28 Leather Archer Armor
49:46 Parthian Tactics
49:28 Thumb Ring
Eldiano
3:04 Loom
12:21 Feudal Age
12:55 Double-Bit Axe
14:28 Horse Collar
23:26 Castle Age
23:21 Gold Mining
24:28 Husbandry
25:28 Bloodlines
25:43 Scale Barding Armor
26:21 Wheelbarrow
25:31 Town Watch
28:05 Heavy Plow
28:16 Bow Saw
31:19 Chain Barding Armor
33:29 Fervor
37:47 Hand Cart
43:45 Imperial Age
41:34 Scale Mail Armor
41:50 Pikeman
42:59 Chain Mail Armor
43:52 Halberdier
44:45 Cavalier
46:56 Light Cavalry
48:51 Conscription
49:47 Plate Barding Armor
Connection lost

Rejoining the realm…

Still unreachable

The connection could not be restored.

Session expired

The server has moved on; the page needs a fresh start.